 Dungeon Crawl Stone Soup version 0.30-a0-691-g754fce4c43 (webtiles) character file.

Game seed: 13784961181738736309

98 Newt the Shooter (level 5, 0/34 HPs)
             Began as a Kobold Hunter on Jan 19, 2023.
             Slain by Crazy Yiuf
             ... wielding a +4 quarterstaff of chaos
              (13 damage)
             ... on level 2 of the Dungeon.
             The game lasted 00:01:43 (2157 turns).

Newt the Shooter (Kobold Hunter)                    Turns: 2157, Time: 00:01:44

Health: 0/34       AC:  3    Str: 12    XL:     5   Next: 0%
Magic:  5/5        EV: 14    Int: 10    God:
Gold:   174        SH:  0    Dex: 19    Spells: 4/4 levels left

rFire   . . .      SeeInvis .    a - +1 shortbow
rCold   . . .      Faith    .    (shield currently unavailable)
rNeg    . . .      Spirit   .    c - +0 leather armour
rPois   .          Reflect  .    (no helmet)
rElec   .          Harm     .    (no cloak)
rCorr   .          Rampage  .    (no gloves)
Will    .....      Clarity  +    (no boots)
Stlth   +++                      (no amulet)
HPRegen 0.25/turn                (no ring)
MPRegen 0.09/turn                (no ring)

@: no status effects
A: small, no large weapons, nightstalker 3, talons 1, clarity, mutation
resistance 1, strong 1
a: no special abilities


You were on level 2 of the Dungeon.
You visited 1 branch of the dungeon, and saw 2 of its levels.

You collected 174 gold pieces.

Inventory:

Hand Weapons
 a - a +1 shortbow (weapon)
Armour
 c - a +0 leather armour (worn)
 k - a +0 ring mail of cold resistance
Scrolls
 b - a scroll of immolation
 h - a scroll of blinking {unknown}
Potions
 d - a potion of attraction
 e - a potion of heal wounds {unknown}
 f - a potion of mutation
 g - a potion of invisibility {unknown}


   Skills:
 + Level 4.8 Fighting
 - Level 5.3 Ranged Weapons
 - Level 2.4 Dodging
 - Level 3.0 Stealth


You had 4 spell levels left.
You didn't know any spells.
Your spell library contained the following spells:

 Spells                   Type           Power      Damage    Failure   Level
 Freeze                   Ice            0%         1d3       43%         1
 Sting                    Tmut/Pois      0%         1d3       43%         1
 Poisonous Vapours        Pois/Air       0%         N/A       58%         2
 Frozen Ramparts          Ice            0%         1d1       82%         3
 Hailstorm                Conj/Ice       0%         3d3       82%         3
 Stone Arrow              Conj/Erth      0%         3d7       82%         3
 Animate Armour           Summ/Erth      0%         N/A       99%         4
 Olgreb's Toxic Radiance  Pois           0%         N/A       99%         4
 Lehudib's Crystal Spear  Conj/Erth      0%         10d2      100%        8


Dungeon Overview and Level Annotations

Branches:
Dungeon (2/15)

Altars:

Annotations:
D:2 Crazy Yiuf


Innate Abilities, Weirdness & Mutations

You are small and have problems with some larger weapons.
You are completely attuned to the shadows.
You have sharp toenails.
You possess an exceptional clarity of mind.
You are somewhat resistant to further mutation.
Your muscles are strong. (Str +4, Int/Dex -1)


Message History

No target in view!
There is an open door here.
You now have 139 gold pieces (gained 10).
You now have 144 gold pieces (gained 5).
You now have 161 gold pieces (gained 17).
You now have 174 gold pieces (gained 13).
There is an open door here.
There is an open door here.
Items here: )) ††.
There is an open door here.
Found an escape hatch in the floor.
There is an escape hatch in the floor here.
You see here a +0 whip.
There is a stone staircase leading down here.
Key pressed, stopping explore.
Could not explore, unopened runed door.
Could not explore, unopened runed door.
No reachable target in view!
You open the door. You shoot an arrow.
The arrow hits Crazy Yiuf but does no damage.
You shoot an arrow. The arrow closely misses Crazy Yiuf.
You shoot an arrow. The arrow hits Crazy Yiuf.
Crazy Yiuf is lightly wounded.
You shoot an arrow. The arrow hits Crazy Yiuf.
Crazy Yiuf is moderately wounded.
Crazy Yiuf hits you with a +4 quarterstaff of chaos!
Crazy Yiuf closely misses you.
You shoot an arrow. The arrow hits Crazy Yiuf.
Crazy Yiuf is heavily wounded.
Crazy Yiuf says, "Prologue illywillydillykilly return to song!"
Crazy Yiuf misses you.
You shoot an arrow. The arrow hits Crazy Yiuf.
Crazy Yiuf is severely wounded.
Crazy Yiuf hits you with a +4 quarterstaff of chaos!
You shoot an arrow. The arrow closely misses Crazy Yiuf.
Crazy Yiuf glowers.
Crazy Yiuf barely misses you.
Crazy Yiuf hits you with a +4 quarterstaff of chaos!
You die...

##.#####....#
#..# #....#
#.## #..P.#
######.#
#...##
##......#
##.##
........# #.##
........# ##.#
........# #.##
........# ##@#
........# #g#
........####
...
...........#
#...#
........##.#
#..)#
...........#
........##.#
<....#########
.##.## #..#


You could see Crazy Yiuf.

Vanquished Creatures
  3 adders (D:2)
  2 worms (D:2)
  3 dart slugs
  9 ball pythons
  4 endoplasms
  A giant cockroach (D:1)
  6 goblins
  8 hobgoblins
  2 jackals (D:1)
  5 kobolds
  A quokka (D:2)
  6 bats
  3 rats
53 creatures vanquished.

Notes
Turn   | Place    | Note
-------+----------+-------------------------------------------
     0 | D:1      | Newt the Kobold Hunter began the quest for the Orb.
     0 | D:1      | Reached XP level 1. HP: 12/12 MP: 1/1
   121 | D:1      | Reached XP level 2. HP: 17/17 MP: 2/2
   327 | D:1      | Reached XP level 3. HP: 23/23 MP: 3/3
   599 | D:1      | Found a faded altar of an unknown god.
  1428 | D:2      | Reached XP level 4. HP: 29/29 MP: 4/4
  1809 | D:2      | Found a runed translucent door.
  1812 | D:2      | Noticed Crazy Yiuf
  1896 | D:2      | Gained mutation: Your muscles are strong. (Str +4, Int/Dex
                  | -1) [potion of mutation]
  1896 | D:2      | Gained mutation: You possess an exceptional clarity of
                  | mind. [potion of mutation]
  1896 | D:2      | Gained mutation: You have sharp toenails. [potion of
                  | mutation]
  1896 | D:2      | Gained mutation: You are somewhat resistant to further
                  | mutation. [potion of mutation]
  1990 | D:2      | Reached XP level 5. HP: 34/34 MP: 5/5
  2157 | D:2      | Slain by Crazy Yiuf

Illustrated notes

Levels and vault maps discovered:
D:1:      dpeg_arrival_oval, layout_loops_ring, nicolae_ecumenical_lake_church,
          serial_forest, infiniplex_forest_lined_2,
          infiniplex_forest_straight_1, infiniplex_forest_lined_3,
          infiniplex_forest_straight_2, infiniplex_forest_lined_room_2,
          infiniplex_forest_lined_2, infiniplex_forest_lined_3
D:2:      cheibrodos_greedy_goblins, layout_rooms, minmay_pentomino_pile,
          uniq_crazy_yiuf_cottage

Skill      XL: |  1  2  3  4 |
---------------+-------------+-----
Stealth        | 2 3 |  3.0
Fighting       | 3 4 |  4.8
Ranged Weapons | |  5.3
Dodging        | |  2.4

Action                   |  1- 3 |  4- 6 || total
-------------------------+-------+-------++-------
 Fire: Shortbow          |    71 |    69 ||   140
  Use: Scroll            |     5 |     1 ||     6
       Potion            |       |     1 ||     1
Armor: Leather armour    |     9 |     9 ||    18
Dodge: Dodged            |    46 |    24 ||    70

Table legend: (Time is in decaauts)
 A = Elapsed time spent in this place.
 B = Non-inter-level travel time spent in this place.
 C = Inter-level travel time spent in this place.
 D = Time resting spent in this place.
 E = Time spent auto-exploring this place.
 F = Levels seen in this place.
 G = Mean time per level.
                   A        B        C        D        E       F      G
               +--------+--------+--------+--------+--------+-----+--------+
         Total |   2198 |   2091 |    107 |      0 |   1825 |   2 | 1099.0 |
       Dungeon |   2198 |   2091 |    107 |      0 |   1825 |   2 | 1099.0 |
               +--------+--------+--------+--------+--------+-----+--------+

Top non-repeatable levels by time:
     D:1: 1312 daAuts
     D:2: 886 daAuts
